 Dungeon Crawl Stone Soup version 0.24-a0-335-g06ca16af6c (webtiles) character file.

Game seed: 16336103543524021373

63 D1HalberdGnoll the Skirmisher (level 3, -1/33 HPs)
             Began as a Draconian Abyssal Knight on May 19, 2019.
             Was a Follower of Lugonu.
             Slain by a steam dragon (2 damage)
             ... on level 3 of the Dungeon.
             The game lasted 00:01:20 (1793 turns).

D1HalberdGnoll the Skirmisher (DrAK)                Turns: 1793, Time: 00:01:21

Health: -1/33      AC:  5    Str: 14    XL:     3   Next: 87%
Magic:  5/5        EV: 13    Int: 12    God:    Lugonu [*.....]
Gold:   102        SH:  0    Dex: 13    Spells: 2/2 levels left

rFire    + . .     SeeInvis .   a - +1 falchion
rCold    + . .     Gourm    .   (no shield)
rNeg     . . .     Faith    .   (armour unavailable)
rPois    +         Spirit   .   (helmet restricted)
rElec    +         Reflect  .   (no cloak)
rCorr    +         Harm     .   (no gloves)
MR       .....                  (no boots)
Stlth    +.........             (no amulet)
HPRegen  0.11/turn              (no ring)
MPRegen  0.09/turn              (no ring)

@: resistant, flying
A: unfitting armour, stinger 1, agile 1, blink, mutation resistance 1,
cold-blooded, AC +5
a: Blink, Depart the Abyss, Renounce Religion


You were on level 3 of the Dungeon.
You worshipped Lugonu.
Lugonu was aware of your devotion.
You were hungry.

You visited 1 branch of the dungeon, and saw 3 of its levels.
You visited the Abyss 1 time.

You collected 102 gold pieces.

Inventory:

Hand Weapons
 a - a +1 falchion (weapon)
Missiles
 j - 30 poisoned darts (quivered)
Armour
 l - a +0 pair of boots
 r - a +0 cloak
Jewellery
 o - a +3 ring of evasion {unknown}
Scrolls
 e - 3 scrolls of immolation {unknown}
 f - a scroll of noise {unknown}
 g - a scroll of random uselessness {unknown}
 h - 3 scrolls of identify {unknown}
 i - a scroll of teleportation {unknown}
 m - 2 scrolls of magic mapping {unknown}
 p - a scroll of amnesia {unknown}
 s - a scroll of enchant weapon {unknown}
Potions
 q - a potion of flight
Comestibles
 b - 7 rations


   Skills:
 + Level 3.7 Fighting
 * Level 3.0 Long Blades
 + Level 2.6 Dodging
 + Level 2.7 Invocations


You had 2 spell levels left.
You didn't know any spells.
Your spell library was empty.

Dungeon Overview and Level Annotations

Branches:
Dungeon (3/15)

Altars:
Vehumet


Innate Abilities, Weirdness & Mutations

Your plain brown scales are hard. (AC +5)
You cannot fit into any form of body armour.
You are cold-blooded and may be slowed by cold attacks.
Your tail ends in a poisonous barb.
You are agile. (Dex +2)
You can translocate small distances at will.
You are somewhat resistant to further mutation.


Message History

The steam dragon barely misses you. The steam dragon claws you.
The hobgoblin hits you with a +0 club. The steam dragon bites you!
* * * LOW HITPOINT WARNING * * *
The steam dragon barely misses you.
It was a potion of mutation.
You feel extremely strange.
You feel agile.
You feel genetically stable.
You feel jittery.
A poisonous barb forms on the end of your tail.
The steam dragon barely misses you. The steam dragon misses you.
You hit the hobgoblin.
The hobgoblin is heavily wounded.
The hobgoblin closely misses you. The steam dragon breathes steam at you.
The ball of steam hits you. You resist.
* * * LOW HITPOINT WARNING * * *
The hobgoblin hits you with a +0 club.
* * * LOW HITPOINT WARNING * * *
You barely miss the steam dragon.
The steam dragon is lightly wounded.
The steam dragon bites you.
You die...

## .# .# #######.#
#.....†.#
###.###.####@D#
..........##g§%.....
###.###.#.##..######
#.#.##... #<........
#...........###
#####..####.# #..#
.# ....


You could see a steam dragon and a hobgoblin.

Vanquished Creatures
  2 adders (D:2)
  An ooze (D:2)
  A dart slug (D:2)
  A leopard gecko (D:1)
  2 ball pythons
  3 goblins
  7 hobgoblins
  4 kobolds
  2 quokkas (D:2)
  8 bats
  2 frilled lizards
  2 rats
35 creatures vanquished.

Vanquished Creatures (others)
  A goblin (D:3)
  A quokka (D:3)
2 creatures vanquished.

Grand Total: 37 creatures vanquished

Notes
Turn   | Place    | Note
-------+----------+-------------------------------------------
     0 | Abyss:1  | D1HalberdGnoll the Draconian Abyssal Knight began the quest
                  | for the Orb.
     0 | Abyss:1  | Reached XP level 1. HP: 19/19 MP: 2/2
    56 | Abyss:1  | Noticed a starcursed mass
    57 | D:1      | Escaped the Abyss
   224 | D:1      | Reached * piety under Lugonu
   265 | D:1      | Reached XP level 2. HP: 24/26 MP: 3/3
   704 | D:2      | Found a radiant altar of Vehumet.
   901 | D:2      | Reached XP level 3. HP: 22/31 MP: 4/4
  1774 | D:3      | Noticed a steam dragon
  1791 | D:3      | Gained mutation: You are agile. (Dex +2) [potion of
                  | mutation]
  1791 | D:3      | Gained mutation: You are somewhat resistant to further
                  | mutation. [potion of mutation]
  1791 | D:3      | Gained mutation: You can translocate small distances at
                  | will. [potion of mutation]
  1791 | D:3      | Gained mutation: Your tail ends in a poisonous barb.
                  | [potion of mutation]
  1792 | D:3      | HP: 1/33 [hobgoblin/+0 club (4)]
  1793 | D:3      | Slain by a steam dragon

Levels and vault maps discovered:
D:1:      eino_arrival_cavern_a, layout_basic
D:2:      layout_loops_ring, lemuel_coloured_pillars_altar, grunt_ministairs_6
D:3:      layout_loops_ring, st_stairs_4, kennysheep_slug_shrine

Skill      XL: |  1  2  3 |
---------------+----------+-----
Long Blades    | 3 |  3.0
Fighting       | |  3.7
Dodging        | |  2.6
Invocations    | |  2.7

Action                   || total
-------------------------++-------
Melee: Falchion          ||   106
       Tailslap          ||     5
Invok: Depart the Abyss  ||     1
  Use: Potion            ||     5
  Eat: Chunk             ||     2
Armor: Skin              ||    46
Dodge: Dodged            ||    96
       Rpst.: Falchion   ||    22

Table legend:
 A = Non-vault XP
 B = Vault XP
 C = Vault XP percentage of total XP
 D = Non-vault monster count
 E = Vault monster count
 F = Vault count percentage of total count
                 A         B        C        D         E       F
            +---------+---------+-------+---------+---------+-------
      Total |      75 |      15 |  16.7 |      33 |       2 |   5.7
            +---------+---------+-------+---------+---------+-------
        D:1 |      19 |       0 |   0.0 |      11 |       0 |   0.0
        D:2 |      54 |      15 |  21.7 |      21 |       2 |   8.7
        D:3 |       2 |       0 |   0.0 |       1 |       0 |   0.0
            +---------+---------+-------+---------+---------+-------
